 Dungeon Crawl Stone Soup version 0.30.1-11-g7821555f0a (webtiles) character file.

Game seed: 751886966699318063

184911 VerbalBBQ the Impaler (level 19, -8/161 HPs)
             Began as a Formicid Fighter on Oct 31, 2023.
             Was the Champion of Okawaru.
             Mangled by an emperor scorpion (31 damage)
             ... on level 4 of the Spider Nest.
             The game lasted 02:04:11 (27768 turns).

VerbalBBQ the Impaler (Formicid Fighter)           Turns: 27768, Time: 02:04:11

Health: -8/161     AC: 33    Str: 48      XL:     19   Next: 12%
Magic:  0/26       EV:  9    Int: 12      God:    Okawaru [******]
Gold:   1002       SH: 28    Dex: 23 (24) Spells: 18/18 levels left

rFire   + . .        X - +5 demon trident "Tuhekis" {vamp, rElec Str+5 Dex+2}
rCold   + + .        V - +1 tower shield
rNeg    . . .        B - +7 plate armour of the Hippo {rPois Str+6 Int+4}
rPois   +            (helmet unavailable)
rElec   +            z - +0 cloak "Jufieraf" {Str+3 Dex+4}
rCorr   +            N - +1 pair of gloves of Death's Door {Str+3}
SInv    +            a - +2 pair of boots of Summertime {rPois rF+ rC++ Int-3}
Will    +....        v - amulet of reflection Stlth
                     D - ring of resist corrosion
HPRegen 1.26/turn    G - +6 ring of strength
MPRegen 0.20/turn

%: reflection
@: no status effects
A: permanent stasis, dig shafts and tunnels, antennae 3, four strong arms, agile
1, clever 1, regeneration 1
a: Dig, Shaft Self, Renounce Religion, Heroism, Finesse, Duel


You were on level 4 of the Spider Nest.
You worshipped Okawaru.
Okawaru was exalted by your worship.
You visited 5 branches of the dungeon, and saw 27 of its levels.

You collected 3228 gold pieces.
You spent 2226 gold pieces at shops.

Inventory:

Hand Weapons
 x - a +0 bardiche
 X - the +5 demon trident "Tuhekis" (weapon) {vamp, rElec Str+5 Dex+2}
   (Okawaru gifted it to you on level 2 of the Orcish Mines)

   Str:       It affects your strength (+5).
   Dex:       It affects your dexterity (+2).
   rElec:     It insulates you from electricity.
Missiles
 d - a curare-tipped dart
 j - 30 boomerangs (quivered)
 k - 15 javelins
 p - 45 poisoned darts
 C - 2 atropa-tipped darts
Armour
 a - the +2 pair of boots of Summertime (worn) {rPois rF+ rC++ Int-3}
   (Okawaru gifted it to you on level 3 of the Spider Nest)

   Int:       It affects your intelligence (-3).
   rF:        It protects you from fire.
   rC:        It greatly protects you from cold.
   rPois:     It protects you from poison.
 z - the +0 cloak "Jufieraf" (worn) {Str+3 Dex+4}
   (You bought it in a shop on level 2 of the Orcish Mines)

   Str:       It affects your strength (+3).
   Dex:       It affects your dexterity (+4).
 B - the +7 plate armour of the Hippo (worn) {rPois Str+6 Int+4}
   (You bought it in a shop on level 2 of the Orcish Mines)

   Str:       It affects your strength (+6).
   Int:       It affects your intelligence (+4).
   rPois:     It protects you from poison.
 N - the +1 pair of gloves of Death's Door (worn) {Str+3}
   (You acquired it on level 3 of the Lair of Beasts)

   Str:       It affects your strength (+3).
 V - a +1 tower shield (worn)
Jewellery
 q - a +4 ring of protection
 r - a ring of poison resistance
 v - an amulet of reflection (around neck)
 w - a ring of ice
 y - a ring of flight
 D - a ring of resist corrosion (left hand)
 G - a +6 ring of strength (right hand)
 L - a +6 ring of strength
Wands
 b - a wand of quicksilver (6)
 c - a wand of flame (34)
 F - a wand of polymorph (21)
 I - a wand of digging (6)
 O - a wand of mindburst (6)
 T - a wand of roots (19)
Scrolls
 g - 6 scrolls of immolation
 m - 8 scrolls of fog
 t - 3 scrolls of poison
 u - 4 scrolls of fear
 M - a scroll of enchant weapon
 P - 6 scrolls of identify
 Q - a scroll of magic mapping
 S - 2 scrolls of amnesia
Potions
 e - 11 potions of curing
 f - 3 potions of invisibility
 h - 5 potions of cancellation
 l - a potion of resistance
 n - 6 potions of attraction
 o - 12 potions of brilliance
 A - 7 potions of flight
 J - 2 potions of lignification
 K - 4 potions of ambrosia
Miscellaneous
 H - a tin of tremorstones (2/2)
 Y - a lightning rod (4/4)


   Skills:
 * Level 17.4 Fighting
 + Level 17.5 Polearms
 + Level 17.3 Armour
 + Level 16.4 Shields
 - Level 10.0 Invocations
 - Level 10.8 Evocations


You had 18 spell levels left.
You didn't know any spells.
Your spell library contained the following spells:

 Spells                   Type           Power      Damage    Failure   Level
 Apportation              Tloc           0%         N/A       80%         1
 Kiss of Death            Conj/Necr      0%         2d5       80%         1
 Necrotise                Necr           0%         1d4       80%         1
 Cigotuvi's Dreadful Rot  Necr/Pois/Air  0%         N/A       91%         2
 Ensorcelled Hibernation  Hex/Ice        0%         N/A       91%         2
 Passwall                 Tmut/Erth      0%         N/A       91%         2
 Static Discharge         Conj/Air       0%         2-2/arc   91%         2
 Dazzling Flash           Conj/Hex       0%         N/A       99%         3
 Frozen Ramparts          Ice            0%         1d1       99%         3
 Ignite Poison            Fire/Tmut/Pois 0%         N/A       99%         3
 Ozocubu's Armour         Ice            0%         N/A       99%         3
 Volatile Blastmotes      Fire/Tloc      0%         2d10      99%         3
 Airstrike                Air            0%         2d(0-16)  100%        4
 Cause Fear               Hex            0%         N/A       100%        4
 Ice Form                 Ice/Tmut       0%         N/A       100%        4
 Iskenderun's Mystic Bla  Conj/Tloc      0%         2d3       100%        4
 Olgreb's Toxic Radiance  Pois           0%         N/A       100%        4
 Passage of Golubria      Tloc           0%         N/A       100%        4
 Arcjolt                  Conj/Air       0%         1d10      100%        5
 Freezing Cloud           Conj/Ice/Air   0%         6-21      100%        5
 Metabolic Englaciation   Hex/Ice        0%         N/A       100%        5
 Silence                  Hex/Air        0%         N/A       100%        5
 Yara's Violent Unravell  Hex/Tmut       0%         3d3       100%        5
 Conjure Ball Lightning   Conj/Air       0%         3x3d6     100%        6
 Starburst                Conj/Fire      0%         6d3       100%        6
 Dragon Form              Tmut           0%         N/A       100%        7
 Ozocubu's Refrigeration  Ice            0%         4d7       100%        7
 Borgnjor's Revivificati  Necr           0%         N/A       100%        8
 Discord                  Hex            0%         N/A       100%        8
 Ignition                 Fire           0%         3d3       100%        8
 Lehudib's Crystal Spear  Conj/Erth      0%         10d2      100%        8
 Maxwell's Capacitive Co  Air            0%         ∞         100%        8
 Necromutation            Tmut/Necr      0%         N/A       100%        8
 Death's Door             Necr           0%         N/A       100%        9
 Summon Small Mammal      Summ           Unusable   N/A       N/A         1
 Summon Guardian Golem    Hex/Summ       Unusable   N/A       N/A         3
 Swiftness                Air            Unusable   N/A       N/A         3
 Tukima's Dance           Hex            Unusable   N/A       N/A         3
 Vhi's Electric Charge    Tloc/Air       Unusable   N/A       N/A         3
 Summon Ice Beast         Ice/Summ       Unusable   N/A       N/A         4
 Summon Lightning Spire   Summ/Air       Unusable   N/A       N/A         4
 Dragon's Call            Summ           Unusable   N/A       N/A         9

Dungeon Overview and Level Annotations

Branches:
Dungeon (15/15)            Temple (1/1) D:5            Lair (5/5) D:8
 Shoals (0/4) Lair:2       Spider (4/4) Lair:3        Slime (0/5) Lair:5
    Orc (2/2) D:12            Elf (0/3) Orc:2        Vaults (0/5) D:14
 Depths (0/4) D:15

Altars:
Ashenzari
Cheibriados
Dithmenos
Elyvilon
Fedhas
Gozag
Hepliaklqana
Kikubaaqudgha
Makhleb
Nemelex Xobeh
Okawaru
Qazlal
Ru
Sif Muna
Trog
Uskayaw
Vehumet
Wu Jian
Xom
Yredelemnul
Zin
The Shining One
Jiyva

Shops:
D:4 ?(===   Orc:2 [[!=

Annotations:
D:10 2 runed translucent doors, exclusion: orange crystal statue


Innate Abilities, Weirdness & Mutations

You cannot be hasted, slowed, berserked, paralysed or teleported.
You can dig through walls and to a lower floor.
You have a pair of large antennae on your head. (SInv)
Your four strong arms can wield two-handed weapons with a shield.
You are agile. (Dex +4, Str/Int -1)
Your mind is acute. (Int +4, Str/Dex -1)
Your natural rate of healing is unusually fast.


Message History

The redback bites you but does no damage.
The tarantella touches you but does no damage.
You feel very sick. The ghost moth stares at you.
The redback bites you but does no damage.
The entropy weaver casts a spell at you.
The entropic weave corrodes you!
The emperor scorpion attacks as you move away!
The emperor scorpion stings you. The emperor scorpion claws you. x2
You feel very sick. The ghost moth stares at you.
The redback closely misses you.
The emperor scorpion attacks as you move away!
The emperor scorpion stings you!!
* * * LOW HITPOINT WARNING * * *
The emperor scorpion claws you.
* * * LOW HITPOINT WARNING * * *
The emperor scorpion claws you but does no damage.
You feel very sick. The redback bites you.
* * * LOW HITPOINT WARNING * * *
The redback barely misses you. The emperor scorpion stings you!
* * * LOW HITPOINT WARNING * * *
The emperor scorpion claws you but does no damage. x2
You feel better. You block the redback's attack.
You block the emperor scorpion's attack.
The emperor scorpion claws you but does no damage. x2
The ghost moth stares at you.
You feel your power leaking away. You block the redback's attack.
Your magical effects are unravelling.
You feel magically purged.
The sentinel's mark upon you fades away.
You are no longer corroded.
You block the emperor scorpion's attack. x2
The emperor scorpion claws you but does no damage.
You block the redback's attack. The ghost moth stares at you.
The emperor scorpion stings you!!
You die...

.....#..##.# ##.........#^..###.#
#..#...#...# #[.##....^###..^#...
.....#.....#######..^...#..^^^...
.##..#........^^.'†...........^..
#^..............^'...............
..##.#.#........['y........°^^...
.^....^....#######......#........
###...#..#.###[.##sy...###...#..)
....##...#.#.##.@syB....#..^###.#
###.#^.#..^#.^##.s.##..†.....#...
^...###..#.##.^##.#####†.........
#.#...#.#...##..### ###.....†...
..^#.#....#..##...####...[.†.†###
.#...#.#..#.#.##.....†......###.#
#†.#....#......###....####...†.††
.#.#..^..##.##..####### ##......
.....#.#.....^#.^.### #######


You could see an emperor scorpion (berserk), a ghost moth (invisible), an
entropy weaver, a moth of wrath, a tarantella (berserk) and a redback (berserk).

Vanquished Creatures
  Mara (Spider:3)
  Nikola (Spider:3)
  Arachne (Spider:2)
  Jorgrun (D:14)
  Asterion (Spider:1)
  Frances (D:14)
  Kirke (Spider:2)
  3 emperor scorpions
  7 ghost moths
  Louise (D:15)
  The ghost of Quickbrownfox the Destroyer, a journeyman DsCj of Ashenzari (Lair:1)
  A broodmother (Spider:1)
  The ghost of alexxx the Convoker, a journeyman FeSu of Gozag (Spider:2)
  Azrael (D:12)
  The ghost of billyroblox the Severer, a journeyman MiBe of Trog (Orc:2)
  3 spark wasps
  Josephine (Spider:1)
  A fire dragon (D:15)
  3 entropy weavers
  4 hydras
  5 vault guards (D:14)
  8 centaur warriors
  8 jorogumos
  Erica (Orc:1)
  5 ogre magi
  18 two-headed ogres
  7 boulder beetles
  5 catoblepae
  A death knight (D:15)
  4 radroaches
  Urug (D:13)
  10 death yaks
  A dancing weapon (Spider:2)
  3 skysharks
  10 pharaoh ants
  A skeletal warrior (D:15)
  9 orb spiders
  3 sun moths
  A swamp dragon (D:15)
  A spectral hydra (Lair:1)
  A wizard (D:15)
  A necromancer (D:15)
  A deep elf archer (D:14)
  A lindwurm (Lair:5)
  7 steelbarb worms
  An orc knight (Orc:2)
  A harpy (shapeshifter) (D:13)
  2 deep elf pyromancers
  3 orc sorcerers
  20 wolf spiders
  3 cyclopes
  3 manticores
  3 moths of wrath (Spider:1)
  10 ugly things
  A moth of wrath (shapeshifter) (D:13)
  13 elephants
  11 demonic crawlers
  3 black mambas
  2 water nymphs (D:14)
  Maggie (D:8)
  2 merfolk sirens (Lair:2)
  2 naga magi (D:15)
  6 cane toads
  4 torpor snails
  5 unseen horrors
  An eye of devastation (shapeshifter) (D:10)
  A rime drake (Lair:2)
  3 centaur skeletons (D:15)
  An efreet (D:13)
  A rime drake (shapeshifter) (D:13)
  2 freezing wraiths
  8 komodo dragons
  2 yaktaurs
  2 tengu conjurers (D:14)
  3 meliai
  8 trolls
  A wolf spider simulacrum (D:15)
  A polar bear (Lair:5)
  2 merfolk (Lair:2)
  29 tarantellas
  A hornet (D:7)
  7 dream sheep (Lair:4)
  23 blink frogs
  23 slime creatures
  54 jumping spiders
  A spectral black mamba (Lair:1)
  A shadow (D:9)
  27 culicivoras
  7 wraiths
  2 wyverns
  A vampire (D:13)
  A hog (Spider:2)
  2 fire elementals (D:12)
  50 yaks
  A spectral fire crab (Lair:1)
  3 humans
  5 vampire mosquitoes
  5 basilisks
  49 redbacks
  2 steam dragons
  A warg (Orc:1)
  Duvessa (D:5)
  5 acid dragons
  8 water moccasins
  2 hell hounds (D:12)
  4 ice beasts
  A black bear (D:8)
  15 orc warriors
  A black mamba simulacrum (Lair:1)
  28 ogres
  A hornet zombie (D:15)
  6 wolves (Lair:1)
  7 centaurs
  3 phantoms
  7 bullfrogs
  A kobold brigand (D:10)
  A scorpion (D:4)
  A cane toad simulacrum (Lair:1)
  3 gnoll sergeants
  4 wights (D:7)
  Dowan (D:5)
  14 killer bees
  2 howler monkeys
  6 electric eels
  4 crimson imps (D:9)
  14 orc priests
  2 hounds
  7 jellies
  4 sleepcaps
  Ijyb (D:4)
  5 iguanas
  12 orc wizards
  7 adders
  13 gnolls
  2 shadow imps
  A white imp (D:7)
  3 ufetubi (D:6)
  3 worms
  A dart slug (D:3)
  55 orcs
  5 endoplasms
  2 giant cockroaches
  6 goblins
  4 hobgoblins
  15 jackals
  5 quokkas
  7 ball pythons
  7 bats
  5 frilled lizards
  15 kobolds
  3 rats
  2 spectral weapons (Spider:1)
907 creatures vanquished.

Vanquished Creatures (others)
  An orb spider (Spider:3)
  A demonic crawler (Spider:2)
  An orc warrior (Orc:2)
  A kobold brigand (D:8)
  An orc wizard (D:8)
5 creatures vanquished.

Grand Total: 912 creatures vanquished

Notes
Turn   | Place    | Note
-------+----------+-------------------------------------------
     0 | D:1      | VerbalBBQ the Formicid Fighter began the quest for the Orb.
     0 | D:1      | Reached XP level 1. HP: 18/18 MP: 1/1
   221 | D:1      | Reached XP level 2. HP: 21/24 MP: 2/2
   603 | D:2      | Reached XP level 3. HP: 29/29 MP: 3/3
   895 | D:2      | Reached XP level 4. HP: 26/37 MP: 4/4
  1374 | D:3      | Found a faded altar of an unknown god.
  1401 | D:3      | Reached XP level 5. HP: 16/42 MP: 5/5
  2028 | D:4      | Found Jasal's Jewellery Boutique.
  2104 | D:4      | Found a shimmering blue altar of Sif Muna.
  2114 | D:4      | Reached skill level 5 in Shields
  2205 | D:4      | Noticed a phantom
  2220 | D:4      | Killed a phantom
  2221 | D:4      | Reached XP level 6. HP: 46/48 MP: 6/6
  2271 | D:4      | Found Adwivvutt's Magic Scroll Shop.
  2274 | D:4      | Bought a scroll of identify for 24 gold pieces
  2274 | D:4      | Bought a scroll of enchant armour for 90 gold pieces
  2274 | D:4      | Bought a scroll of identify for 24 gold pieces
  2399 | D:4      | Noticed Ijyb
  2410 | D:4      | Killed Ijyb
  2451 | D:4      | Found a sparkling altar of Nemelex Xobeh.
  2534 | D:4      | Found Hataumae's Jewellery Shop.
  2554 | D:4      | Found Feirup's Jewellery Emporium.
  2620 | D:4      | Identified the +11 whip "Cetarole" {freeze, rF+ Str+4
                  | Dex+3}
  2714 | D:4      | Found Bueh's Weapon Shop.
  2950 | D:5      | Entered Level 5 of the Dungeon
  2950 | D:5      | Found a staircase to the Ecumenical Temple.
  2957 | Temple   | Entered the Ecumenical Temple
  2957 | Temple   | Found a transporter.
  2957 | Temple   | Found a transporter.
  2959 | Temple   | Found a transporter.
  2959 | Temple   | Found a transporter.
  3007 | Temple   | Became a worshipper of Elyvilon the Healer
  3048 | D:5      | Reached XP level 7. HP: 55/55 MP: 7/7
  3172 | D:5      | Reached skill level 5 in Polearms
  3213 | D:5      | You fall into a shaft and drop 2 floors!
  3220 | D:7      | Noticed a steam dragon
  3409 | D:6      | Reached * piety under Elyvilon
  3632 | D:5      | Noticed Dowan
  3639 | D:5      | Reached skill level 5 in Fighting
  3639 | D:5      | Reached skill level 5 in Armour
  3642 | D:5      | Noticed Duvessa
  3649 | D:5      | Killed Dowan
  3660 | D:5      | Killed Duvessa
  3661 | D:5      | Reached XP level 8. HP: 32/62 MP: 8/8
  4489 | D:6      | Found an iron altar of Okawaru.
  4498 | D:6      | Fell from the grace of Elyvilon
  4498 | D:6      | Became a worshipper of Warmaster Okawaru
  4718 | D:6      | Noticed an unseen horror
  4718 | D:6      | Noticed a slime creature
  4718 | D:6      | Noticed a yak
  4741 | D:6      | Killed an unseen horror
  4749 | D:6      | Reached XP level 9. HP: 57/69 MP: 9/9
  4827 | D:6      | Reached * piety under Okawaru
  5148 | D:7      | Reached ** piety under Okawaru
  5259 | D:7      | Found a glowing silver altar of Zin.
  5402 | D:7      | Reached XP level 10. HP: 74/79 MP: 10/10
  5727 | D:8      | Reached *** piety under Okawaru
  5730 | D:8      | Noticed Maggie
  5762 | D:8      | Noticed a two-headed ogre
  5778 | D:8      | Killed a two-headed ogre
  5778 | D:8      | Reached **** piety under Okawaru
  5786 | D:8      | Reached skill level 10 in Polearms
  5804 | D:8      | Killed Maggie
  5805 | D:8      | Reached skill level 10 in Shields
  5805 | D:8      | Reached XP level 11. HP: 38/87 MP: 11/11
  6313 | D:8      | Found a sacrificial altar of Ru.
  6421 | D:8      | Found a staircase to the Lair.
  6682 | D:9      | Received a gift from Okawaru
  6745 | D:9      | Reached ***** piety under Okawaru
  7084 | D:9      | Noticed a two-headed ogre
  7099 | D:9      | Killed a two-headed ogre
  7162 | D:9      | Found a snail-covered altar of Cheibriados.
  7184 | D:9      | Found a shimmering altar of Xom.
  7410 | D:10     | Entered Level 10 of the Dungeon
  7498 | D:10     | Noticed a two-headed ogre
  7510 | D:10     | Killed a two-headed ogre
  7510 | D:10     | Received a gift from Okawaru
  7710 | D:10     | Found a runed translucent door.
  7713 | D:10     | Found the +10 tower shield of Ignorance {rN+ Int-4}
  7715 | D:10     | Noticed an orange crystal statue
  7736 | D:10     | Found a runed translucent door.
  7922 | D:10     | Found a broken altar of Ashenzari.
  7931 | D:10     | Reached XP level 12. HP: 52/96 MP: 12/12
  8205 | D:10     | Reached skill level 1 in Evocations
  8213 | D:10     | Found a hide-covered altar of Uskayaw.
  8413 | D:11     | Reached skill level 10 in Armour
  8418 | D:11     | Noticed a boulder beetle
  8451 | D:11     | Killed a boulder beetle
  8452 | D:11     | Reached skill level 10 in Fighting
  8566 | D:11     | Received a gift from Okawaru
  8776 | D:12     | Reached ****** piety under Okawaru
  8776 | D:12     | Identified the +9 giant club of the Pariah {vamp, Dex+6}
                  | (Okawaru gifted it to you on level 12 of the Dungeon)
  8776 | D:12     | Received a gift from Okawaru
  8780 | D:12     | Found a staircase to the Orcish Mines.
  8904 | D:12     | Noticed a centaur warrior
  8920 | D:12     | Killed a centaur warrior
  9749 | D:4      | Bought a +6 ring of strength for 468 gold pieces
  9989 | Lair:1   | Entered Level 1 of the Lair of Beasts
 10076 | Lair:1   | Found a runed translucent gate.
 10076 | Lair:1   | Found a runed translucent gate.
 10076 | Lair:1   | Found a runed translucent gate.
 10117 | Lair:1   | Identified the +1 trident "Caamu" {flame, *Corrode rPois
                  | Str+5} (Okawaru gifted it to you on level 1 of the Lair of
                  | Beasts)
 10117 | Lair:1   | Received a gift from Okawaru
 10145 | Lair:1   | Noticed Quickbrownfox's ghost (journeyman DsCj)
 10185 | Lair:1   | Reached skill level 5 in Evocations
 10231 | Lair:1   | Reached XP level 13. HP: 90/105 MP: 13/13
 11446 | Lair:2   | Identified the +0 robe of Uhedo {-Tele rF- rN+++ rCorr}
 11523 | Lair:2   | Found a staircase to the Shoals.
 11658 | Lair:2   | Identified the +7 chain mail "Vehaxa" {rElec rN+} (Okawaru
                  | gifted it to you on level 2 of the Lair of Beasts)
 11658 | Lair:2   | Received a gift from Okawaru
 12328 | Lair:3   | Identified a scroll of acquirement
 12328 | Lair:3   | Acquired the +1 pair of gloves of Death's Door {Str+3}
 12404 | Lair:3   | Found a hole to the Spider Nest.
 12631 | Lair:3   | Noticed an eight-headed hydra
 12640 | Lair:3   | Killed an eight-headed hydra
 12641 | Lair:3   | Reached XP level 14. HP: 87/115 MP: 14/14
 13235 | Lair:4   | Identified the +0 plate armour "Hylaew" {-Tele *Slow rElec
                  | Dex+4} (Okawaru gifted it to you on level 4 of the Lair of
                  | Beasts)
 13235 | Lair:4   | Received a gift from Okawaru
 13431 | Lair:5   | Entered Level 5 of the Lair of Beasts
 13675 | Lair:5   | Found a viscous altar of Jiyva.
 13685 | Lair:5   | Found a staircase to the Slime Pits.
 14102 | Lair:5   | Identified the +8 chain mail "Yfekiry" {rF+ rN++ rCorr
                  | Dex-5}
 14103 | Lair:5   | Identified the +8 flail "Qahi" {pain, +Blink rF++ Will+
                  | SInv}
 14316 | Lair:5   | Identified the +1 robe of Moral Flaws {Will+ Str+3}
                  | (Okawaru gifted it to you on level 5 of the Lair of Beasts)
 14316 | Lair:5   | Received a gift from Okawaru
 15837 | Lair:1   | Killed Quickbrownfox's ghost
 15846 | Lair:1   | Reached XP level 15. HP: 61/124 MP: 8/15
 16418 | D:12     | Noticed Azrael
 16432 | D:12     | Killed Azrael
 16437 | D:12     | Reached skill level 10 in Evocations
 16870 | D:12     | Gained mutation: You are resistant to electric shocks.
                  | (rElec) [potion of mutation]
 16870 | D:12     | Gained mutation: Your flesh is heat resistant. (rF+)
                  | [potion of mutation]
 16870 | D:12     | Gained mutation: Your muscles are strong. (Str +4, Int/Dex
                  | -1) [potion of mutation]
 17240 | D:13     | Noticed Urug
 17317 | D:13     | Killed Urug
 17618 | D:13     | Reached skill level 15 in Polearms
 17713 | D:13     | Identified the +6 ring mail "Uchext" {rElec rN+++ rCorr
                  | Int-2} (Okawaru gifted it to you on level 13 of the
                  | Dungeon)
 17713 | D:13     | Received a gift from Okawaru
 17765 | D:13     | Identified the +9 falchion of Wonderful Watchfulness
                  | {venom, rF+++ Will+ Str-3 Dex+2}
 17792 | D:13     | Reached skill level 1 in Invocations
 17794 | D:13     | Identified the ring "Afeo" {rPois rF- rN++ Str+6 SInv}
 17836 | D:13     | Got the Excursus on Enchanted Cold
 18132 | D:14     | Noticed Jorgrun
 18179 | D:14     | Killed Jorgrun
 18372 | D:14     | Noticed Frances
 18393 | D:14     | Killed Frances
 18868 | D:14     | Found a gate to the Vaults.
 18884 | D:14     | Reached XP level 16. HP: 134/134 MP: 18/18
 19619 | D:15     | Entered Level 15 of the Dungeon
 19669 | D:15     | Received a gift from Okawaru
 19684 | D:15     | Noticed Louise
 19745 | D:15     | Killed Louise
 20146 | D:15     | Reached skill level 5 in Invocations
 20167 | D:15     | Reached skill level 15 in Armour
 20186 | D:15     | Reached skill level 15 in Fighting
 20273 | D:15     | Identified the +5 whip "Olyammat" {spect, Int+2}
 20402 | D:15     | Found a staircase to the Depths.
 20578 | Orc:1    | Entered Level 1 of the Orcish Mines
 20774 | Orc:2    | Entered Level 2 of the Orcish Mines
 20885 | Orc:1    | Noticed Erica
 20891 | Orc:1    | Killed Erica
 21079 | Orc:2    | Found a runed translucent door.
 21079 | Orc:2    | Noticed billyroblox's ghost (journeyman MiBe)
 21099 | Orc:2    | Found a staircase to the Elven Halls.
 21140 | Orc:2    | Killed billyroblox's ghost
 21150 | Orc:2    | Got the Compilation of the Missiles
 21506 | Orc:2    | Identified the +5 demon trident "Tuhekis" {vamp, rElec
                  | Str+5 Dex+2} (Okawaru gifted it to you on level 2 of the
                  | Orcish Mines)
 21506 | Orc:2    | Received a gift from Okawaru
 21802 | Orc:2    | Found Qainis's Jewellery Shoppe.
 21844 | Orc:2    | Found Jefod's Armour Shop.
 21844 | Orc:2    | Found Giazax Areuh's Armour Emporium.
 21844 | Orc:2    | Found Bij Utuf's Distillery.
 21846 | Orc:2    | Lost mutation: Your muscles are strong. (Str +4, Int/Dex
                  | -1) [potion of mutation]
 21846 | Orc:2    | Lost mutation: You are resistant to electric shocks.
                  | (rElec) [potion of mutation]
 21846 | Orc:2    | Lost mutation: Your flesh is heat resistant. (rF+) [potion
                  | of mutation]
 21846 | Orc:2    | Gained mutation: You are clumsy. (Dex -2) [potion of
                  | mutation]
 21846 | Orc:2    | Gained mutation: Your magical capacity is low. (-10% MP)
                  | [potion of mutation]
 21846 | Orc:2    | Gained mutation: You are partially covered in iridescent
                  | scales. (AC +2) [potion of mutation]
 21847 | Orc:2    | Lost mutation: You are clumsy. (Dex -2) [potion of
                  | mutation]
 21847 | Orc:2    | Lost mutation: Your magical capacity is low. (-10% MP)
                  | [potion of mutation]
 21847 | Orc:2    | Lost mutation: You are partially covered in iridescent
                  | scales. (AC +2) [potion of mutation]
 21847 | Orc:2    | Gained mutation: Your system is resistant to poisons.
                  | (rPois) [potion of mutation]
 21847 | Orc:2    | Gained mutation: You have an increased reservoir of magic.
                  | (+10% MP) [potion of mutation]
 21847 | Orc:2    | Gained mutation: Your spells are a little harder to cast,
                  | but a little more powerful. [potion of mutation]
 21856 | Orc:2    | Reached XP level 17. HP: 142/142 MP: 19/24
 21893 | Orc:2    | Bought the +0 cloak "Jufieraf" {Str+3 Dex+4} for 314 gold
                  | pieces
 21893 | Orc:2    | Bought the +7 plate armour of the Hippo {rPois Str+6 Int+4}
                  | for 1082 gold pieces
 21921 | Orc:2    | Bought a potion of mutation for 112 gold pieces
 21921 | Orc:2    | Bought a potion of mutation for 112 gold pieces
 23296 | Lair:3   | Lost mutation: You have an increased reservoir of magic.
                  | (+10% MP) [potion of mutation]
 23296 | Lair:3   | Lost mutation: Your system is resistant to poisons. (rPois)
                  | [potion of mutation]
 23296 | Lair:3   | Lost mutation: Your spells are a little harder to cast, but
                  | a little more powerful. [potion of mutation]
 23296 | Lair:3   | Gained mutation: You are dopey. (Int -2) [potion of
                  | mutation]
 23296 | Lair:3   | Gained mutation: Your natural rate of healing is unusually
                  | fast. [potion of mutation]
 23296 | Lair:3   | Gained mutation: You have large cloven feet. [potion of
                  | mutation]
 23296 | Lair:3   | Gained mutation: You are strong-willed. (Will+) [potion of
                  | mutation]
 23297 | Lair:3   | Lost mutation: You have large cloven feet. [potion of
                  | mutation]
 23297 | Lair:3   | Lost mutation: You are dopey. (Int -2) [potion of mutation]
 23297 | Lair:3   | Lost mutation: You are strong-willed. (Will+) [potion of
                  | mutation]
 23297 | Lair:3   | Gained mutation: You are agile. (Dex +4, Str/Int -1)
                  | [potion of mutation]
 23297 | Lair:3   | Gained mutation: Your mind is acute. (Int +4, Str/Dex -1)
                  | [potion of mutation]
 23310 | Spider:1 | Entered Level 1 of the Spider Nest
 23411 | Spider:1 | Identified the +4 crystal plate armour of Cyghitoh {Int+2
                  | Dex+2} (Okawaru gifted it to you on level 1 of the Spider
                  | Nest)
 23411 | Spider:1 | Received a gift from Okawaru
 23436 | Spider:1 | Noticed Asterion
 23562 | Spider:1 | Killed Asterion
 23987 | Spider:1 | Noticed Josephine
 24034 | Spider:1 | Killed Josephine
 24366 | Spider:1 | Identified the +6 shortbow of Law {flame, rPois Int+3}
 25077 | Spider:2 | Identified the +1 cloak "Kicwanopt" {Regen+} (Okawaru
                  | gifted it to you on level 2 of the Spider Nest)
 25077 | Spider:2 | Received a gift from Okawaru
 25123 | Spider:2 | Reached XP level 18. HP: 133/137 MP: 24/24
 25243 | Spider:2 | Reached skill level 15 in Shields
 25244 | Spider:2 | Found a runed translucent door.
 25245 | Spider:2 | Found a shimmering altar of Xom.
 25245 | Spider:2 | Noticed alexxx's ghost (journeyman FeSu)
 25278 | Spider:2 | Identified the +5 great mace of Eternal War {chaos, rCorr
                  | Int+4 Dex+2}
 25307 | Spider:2 | Killed alexxx's ghost
 25910 | Spider:3 | Noticed Kirke
 25911 | Spider:3 | Noticed Arachne
 25925 | Spider:2 | Killed Kirke
 26286 | Spider:2 | Killed Arachne
 26361 | Spider:3 | Reached skill level 10 in Invocations
 26425 | Spider:3 | Identified the +6 lajatang of Wu Jian's Benevolence {chaos,
                  | rC+ MP+9 Int+4}
 26571 | Spider:3 | Noticed Mara
 26601 | Spider:3 | Noticed VerbalBBQ's illusion
 26701 | Spider:3 | Killed Mara
 26827 | Spider:3 | Identified the +2 pair of boots of Summertime {rPois rF+
                  | rC++ Int-3} (Okawaru gifted it to you on level 3 of the
                  | Spider Nest)
 26827 | Spider:3 | Received a gift from Okawaru
 26921 | Spider:3 | Noticed Nikola
 26944 | Spider:3 | Killed Nikola
 27140 | Spider:4 | Entered Level 4 of the Spider Nest
 27624 | Spider:4 | Reached XP level 19. HP: 161/161 MP: 0/26
 27768 | Spider:4 | Mangled by an emperor scorpion

Illustrated notes

Levels and vault maps discovered:
D:1:      scummos_arrival_simple_crosswalls, layout_basic
D:2:      cheibrodos_helix_gallery, layout_loops_ring
D:3:      layout_basic, dreamdust_ecumenical_altar_statues,
          chequers_serial_rivers_micro_a
D:4:      layout_cave_pods, nicolae_sif_muna_condensation,
          nemelex_spade_bored_becter, serial_shops, nicolae_shop_tiny_glass,
          nicolae_stop_n_shop_2, nicolae_shop_rolled_up,
          nicolae_shop_hallway_stairs, nicolae_shop_bloodbath_and_beyond,
          st_stairs_2, minmay_distorted, uniq_ijyb
D:5:      layout_loops_ring, minmay_temple_entry_mist, uniq_duvessa
D:6:      minmay_klotski, layout_basic, mainiacjoe_overflow_tiny_flanked
D:7:      minmay_inner_zag, layout_cave_pools, zin_academy
D:8:      layout_rooms, mainiacjoe_overflow_brackets, david_lair_generic,
          columned_hall_lemuel, uniq_maggie
D:9:      layout_long_grid, kennysheep_mini_moat, led_xom_imps
D:10:     layout_basic, minivault_1, hangedman_feature_mirror,
          chequers_guarded_unrand_ignorance
D:11:     layout_big_octagon
D:12:     layout_basic, erik_orc_3, uniq_azrael
D:13:     minmay_the_grid_plus_closed [minmay_the_grid_mess,
          minmay_the_grid_doors, minmay_the_grid_fan, minmay_the_grid_box_x,
          minmay_the_grid_prize_four_corners_diamond_a], layout_gridville,
          uniq_urug
D:14:     layout_roguey, grunt_vaults_entry_fortified, hex_intersection,
          minivault_14, uniq_jorgrun, uniq_frances
D:15:     grunt_enter_depths_magical_seal, layout_cave_pools, uniq_louise
Temple:   hellmonk_temple_divided_pantheon
Lair:1:   layout_regular_city, gammafunk_ghost_necromancy, wad_woods_river_01,
          serial_bayou_shore_b, serial_bayou_shore_a
Lair:2:   layout_roguey, elwin_shoals_entry_stream, chequers_serial_rivers_marsh
Lair:3:   layout_small_grid, spider_nest_entry_web_field
Lair:4:   layout_gridlike, infiniplex_staircase_pool
Lair:5:   evilmike_catoblepas_cave, layout_small_grid,
          nicolae_slime_entry_slimehenge, serial_bayou_shore_b,
          grunt_megastairs_3
Spider:1: nicolae_spider_hilbert_zone_2 [nicolae_spider_hilbert_4_sides_1_open,
          nicolae_spider_hilbert_4_sides_1_open,
          nicolae_spider_hilbert_4_sides_1_open,
          nicolae_spider_hilbert_4_sides_1_open,
          nicolae_spider_hilbert_6_sides_1_open,
          nicolae_spider_hilbert_6_sides_1_open,
          nicolae_spider_hilbert_3_sides_1_open,
          nicolae_spider_hilbert_3_sides_1_open,
          nicolae_spider_hilbert_3_sides_1_open,
          nicolae_spider_hilbert_3_sides_1_open,
          nicolae_spider_hilbert_6_sides_1_open,
          nicolae_spider_hilbert_6_sides_1_open,
          nicolae_spider_hilbert_6_sides_1_open,
          nicolae_spider_hilbert_6_sides_1_open], nicolae_spider_bzzzt,
          uniq_asterion, uniq_josephine
Spider:2: layout_spider_delve, ebering_ghost_xom, nicolae_spider_world_wide_web
Spider:3: nicolae_spider_jumping_over_cracks [nicolae_spider_jumping_sub_moat,
          nicolae_spider_jumping_sub_moat, nicolae_spider_jumping_sub_no_exit,
          nicolae_spider_jumping_sub_notch], hangedman_spider_tarantella_strand,
          uniq_mara, uniq_arachne, uniq_nikola, uniq_kirke
Spider:4: johnstein_spider_rune_arachne_lair
Orc:1:    layout_caves, uniq_erica
Orc:2:    st_orc_ogre_mass, layout_diamond_mine, ebering_ghost_inner_flame

Skill      XL: |  1  2  3  4  5  6  7  8  9 10 11 12 13 14 15 16 17 18 |
---------------+-------------------------------------------------------+-----
Polearms       | 3 4 5 6 8 10 11 12 13 14 15 16 17 | 17.5
Armour         | 4 5 6 7 8 9 11 12 13 14 15 16 17 | 17.3
Fighting       | 4 5 6 7 8 9 10 12 13 14 15 16 17 | 17.4
Shields        | 5 6 7 8 10 11 12 13 14 16 | 16.4
Evocations     | 5 7 9 10 | 10.8
Invocations    | 3 6 9 10 | 10.0

Action                     |  1- 3 |  4- 6 |  7- 9 | 10-12 | 13-15 | 16-18 | 19-21 || total
---------------------------+-------+-------+-------+-------+-------+-------+-------++-------
  Melee: Trident           |   152 |   182 |    40 |       |    58 |       |       ||   432
         Halberd           |       |       |   186 |   696 |  1041 |   556 |       ||  2479
         Demon trident     |       |       |       |       |       |  1180 |    76 ||  1256
  Throw: Dart              |       |       |       |       |    10 |       |       ||    10
         Boomerang         |       |       |       |       |       |     2 |       ||     2
 Invoke: Heroism           |       |       |       |     2 |     4 |     6 |       ||    12
         Finesse           |       |       |       |       |     3 |     5 |       ||     8
Ability: Dig               |       |     1 |     1 |     2 |     2 |     3 |       ||     9
  Evoke: Wand              |       |       |       |     6 |     6 |    10 |       ||    22
    Use: Scroll            |       |     7 |    11 |     6 |    12 |     1 |       ||    37
         Potion            |       |       |       |     5 |     3 |     8 |     3 ||    19
   Stab: Distracted        |       |       |       |       |       |     1 |       ||     1
 Armour: Scale mail        |    74 |       |       |       |       |       |       ||    74
         Chain mail        |       |    67 |       |       |   293 |   106 |       ||   466
         Plate armour      |       |    13 |   115 |   338 |   109 |   417 |    85 ||  1077
  Dodge: Dodged            |    67 |    63 |    47 |   176 |   204 |   226 |    42 ||   825
  Block: Buckler           |    34 |    45 |   104 |   315 |       |       |       ||   498
         Reflection        |       |       |     1 |    22 |    37 |    18 |       ||    78
         Kite shield       |       |       |       |    96 |   779 |   315 |       ||  1190
         Tower shield      |       |       |       |       |       |  1294 |   101 ||  1395
